 Dungeon Crawl Stone Soup version 0.23-a0-189-gc87c613 (webtiles) character file.

492 Felrender the Chopper (level 6, -7/53 HPs)
             Began as a Minotaur Fighter on Sept 23, 2018.
             Killed by divine providence
             ... invoked by an orc priest
              (16 damage)
             ... on level 5 of the Dungeon.
             The game lasted 00:06:40 (3612 turns).

Felrender the Chopper (Minotaur Fighter)            Turns: 3612, Time: 00:06:40

Health: -7/53      AC: 12    Str: 28    XL:     6   Next: 91%
Magic:  5/5        EV:  7    Int:  5    God:
Gold:   303        SH: 10    Dex:  9    Spells: 5/5 levels left

rFire    . . .     SeeInvis .   a - +0 war axe
rCold    . . .     Gourm    .   c - +0 shield
rNeg     . . .     Faith    .   n - +1 chain mail
rPois    .         Spirit   .   (helmet restricted)
rElec    .         Reflect  .   (no cloak)
rCorr    .         Harm     .   m - +0 pair of gloves
MR       .....                  (no boots)
Stlth    ..........             (no amulet)
HPRegen  0.17/turn              (no ring)
MPRegen  0.09/turn              (no ring)

@: mighty
A: retaliatory headbutt, horns 2
a: no special abilities


You were on level 5 of the Dungeon.
You were not hungry.

You visited 1 branch of the dungeon, and saw 5 of its levels.

You collected 303 gold pieces.

Inventory:

Hand Weapons
 a - a +0 war axe (weapon)
Armour
 c - a +0 shield (worn)
 m - a +0 pair of gloves (worn)
 n - a +1 chain mail (worn)
 q - a -2 buckler
Wands
 p - a wand of digging (12)
Scrolls
 h - 2 scrolls of fog
 i - 3 scrolls of remove curse
 l - a scroll of teleportation
Potions
 e - a potion of brilliance
 g - a potion of haste {unknown}
 j - a potion of berserk rage {unknown}
 k - a potion of ambrosia {unknown}
 o - a potion of resistance {unknown}
Comestibles
 b - 2 chunks of flesh
 f - 11 rations


   Skills:
 + Level 4.4 Fighting
 + Level 6.3 Axes
 + Level 5.1 Armour
 + Level 1.6 Dodging
 + Level 5.3 Shields


You had 5 spell levels left.
You didn't know any spells.
Your spell library was empty.

Dungeon Overview and Level Annotations

Branches:
Dungeon (5/15)
 Temple: D:4-7

Altars:


Innate Abilities, Weirdness & Mutations

You reflexively headbutt those who attack you in melee.
You have a pair of horns on your head.


Message History

The orc priest invokes the aid of Beogh against you.
Beogh smites you!
The centaur shoots an arrow.
The arrow hits you but does no damage. You block the orc priest's attack.
You block the orc's attack.
There is an open door here.
You see here an arrow.
Your shield and chain mail prevent you from hitting the orc priest.
Your shield and chain mail prevent you from hitting the orc.
You hit the orc. The orc priest barely misses you.
The orc priest invokes the aid of Beogh against you.
Beogh smites you!
* * * LOW HITPOINT WARNING * * *
The orc hits you but does no damage. You block the orc's attack.
The centaur unwields an uncursed shortbow.
The centaur completely misses you. You furiously retaliate!
You headbutt the centaur!
You feel very mighty all of a sudden.
The orc priest calls down the wrath of Beogh upon you.
Beogh smites you!
You die...

..# ..#
##### ..#
#...###..##
#....#....#
#....#....#
#..(c#....#
#..(o@o...#
#...o#....#
#.oo###...#
#...####'###
#...#.(.(..#
#...'(o....#
#...#......#
#...#......#
############


You could see a centaur, 2 orc priests, an orc wizard and 2 orcs.

Vanquished Creatures
  Blork the orc (D:4)
  3 hounds (D:4)
  An orc priest (D:4)
  An iguana (D:3)
  2 orc wizards
  4 worker ants
  6 adders
  2 dart slugs (D:4)
  A leopard gecko (D:2)
  14 orcs
  4 giant cockroaches
  2 hobgoblins
  4 jackals (D:4)
  8 kobolds
  2 quokkas
  A ball python (D:2)
  A ball python skeleton (D:4)
  7 bats
  4 frilled lizards
  7 goblins
  6 rats
  4 toadstools (D:1)
85 creatures vanquished.

Notes
Turn   | Place    | Note
-------+----------+-------------------------------------------
     0 | D:1      | Felrender the Minotaur Fighter began the quest for the Orb.
     0 | D:1      | Reached XP level 1. HP: 19/19 MP: 0/0
   231 | D:1      | Reached XP level 2. HP: 26/27 MP: 1/1
  1267 | D:2      | Reached XP level 3. HP: 32/33 MP: 2/2
  1341 | D:2      | Reached skill level 3 in Axes
  2007 | D:3      | Reached XP level 4. HP: 40/40 MP: 3/3
  2126 | D:3      | Reached XP level 5. HP: 27/47 MP: 4/4
  2501 | D:3      | Reached skill level 4 in Axes
  2631 | D:4      | Reached skill level 5 in Axes
  2665 | D:4      | Reached skill level 5 in Shields
  2686 | D:4      | Reached XP level 6. HP: 6/53 MP: 5/5
  3047 | D:4      | Reached skill level 1 in Dodging
  3340 | D:4      | Reached skill level 6 in Axes
  3352 | D:4      | Noticed Blork the orc
  3360 | D:4      | Killed Blork the orc
  3360 | D:4      | Reached skill level 5 in Armour
  3478 | D:5      | Entered Level 5 of the Dungeon
  3612 | D:5      | Killed from afar by an orc priest

Vault maps used:
D:1:      ldierk_water_garden, kennysheep_pointless_box, st_stairs_5
D:4:      first_ration, uniq_blork_the_orc

Skill      XL: |  1  2  3  4  5  6 |
---------------+-------------------+-----
Armour         | 4 5 |  5.1
Shields        | 4 5 |  5.3
Axes           | 3 5 6 |  6.3
Fighting       | 4 |  4.4
Dodging        | 1 |  1.6

Action                   |  1- 3 |  4- 6 || total
-------------------------+-------+-------++-------
Melee: War axe           |   105 |   149 ||   254
       Headbutt          |    15 |    24 ||    39
  Use: Scroll            |     7 |     3 ||    10
       Potion            |       |     3 ||     3
  Eat: Chunk             |     4 |     2 ||     6
       Ration            |       |     1 ||     1
Armor: Scale mail        |    53 |    18 ||    71
       Chain mail        |       |    55 ||    55
Dodge: Dodged            |    27 |    28 ||    55
Block: Shield            |    55 |    99 ||   154

Table legend:
 A = Non-vault XP
 B = Vault XP
 C = Vault XP percentage of total XP
 D = Non-vault monster count
 E = Vault monster count
 F = Vault count percentage of total count
                 A         B        C        D         E       F
            +---------+---------+-------+---------+---------+-------
      Total |     610 |      93 |  13.2 |      78 |       3 |   3.7
            +---------+---------+-------+---------+---------+-------
        D:1 |      18 |       3 |  14.3 |      12 |       2 |  14.3
        D:2 |      50 |       0 |   0.0 |      16 |       0 |   0.0
        D:3 |     153 |       0 |   0.0 |      21 |       0 |   0.0
        D:4 |     357 |      90 |  20.1 |      28 |       1 |   3.4
        D:5 |      32 |       0 |   0.0 |       1 |       0 |   0.0
            +---------+---------+-------+---------+---------+-------
